 Dungeon Crawl Stone Soup version 0.30-a0-867-g305f33218d (webtiles) character file.

Game seed: 10601790085006218545

0 browni3141 the Gusty (level 1, -1/9 HPs)
             Began as a Vine Stalker Air Elementalist on Mar 11, 2023.
             Killed from afar by a dart slug (5 damage)
             ... with a slug dart
             ... on level 1 of the Dungeon.
             The game lasted 00:00:09 (63 turns).

browni3141 the Gusty (Vine Stalker Air Elementalist)  Turns: 63, Time: 00:00:09

Health: -1/9       AC:  2    Str: 10    XL:     1   Next: 10%
Magic:  0/4        EV: 12    Int: 15    God:
Gold:   0          SH:  0    Dex: 14    Spells: 3/4 levels left

rFire   . . .      SeeInvis .    (no weapon)
rCold   . . .      Faith    .    (no shield)
rNeg    . . .      Spirit   +    a - +0 robe
rPois   .          Reflect  .    (no helmet)
rElec   .          Rampage  .    (no cloak)
rCorr   .                        (no gloves)
Will    .....                    (no boots)
Stlth   ++                       (no amulet)
HPRegen 0.21/turn                (no ring)
MPRegen 0.09/turn                (no ring)

@: very slightly contaminated
A: fangs 2, magic shield, antimagic bite, no potion heal 2
a: no special abilities


You were on level 1 of the Dungeon.
You visited 1 branch of the dungeon, and saw 1 of its levels.

Inventory:

Armour
 a - a +0 robe (worn)
Scrolls
 c - a scroll of identify {unknown}
Potions
 b - a potion of magic
 d - a potion of mutation {unknown}


   Skills:
 - Level 1.5 Dodging
 - Level 2.4 Stealth
 - Level 2.1 Spellcasting
 + Level 1.1 Conjurations
 - Level 3.0 Air Magic


You had 3 spell levels left.
You knew the following spells:

 Your Spells              Type           Power      Damage    Failure   Level
a - Shock                 Conj/Air       28%        1d4       10%         1

Your spell library contained the following spells:

 Spells                   Type           Power      Damage    Failure   Level
 Static Discharge         Conj/Air       14%        2-3/arc   14%         2
 Swiftness                Air            10%        N/A       19%         3
 Airstrike                Air            5%         2d(1-17)  54%         4


Dungeon Overview and Level Annotations

Branches:
Dungeon (1/15)

Altars:

Shops:
D:1 [


Innate Abilities, Weirdness & Mutations

You have extremely sharp teeth.
When hurt, damage is shared between your health and your magic reserves.
Your bite disrupts and absorbs the magic of your enemies.
Potions cannot restore your health.


Message History

You open the gate.
There is an open gate here.
A kobold comes into view. It is wielding a +0 short sword.
A kobold is nearby!
The zap hits the kobold.
You kill the kobold!
You can't see any susceptible monsters within range! (Use Z to cast anyway.)
You can't see any susceptible monsters within range! (Use Z to cast anyway.) Magic restored.
Things that are here:
a +0 short sword; 4 stones
Found a leather armour.
d - a smoky coppery potion You see here a +0 leather armour.
Found Ogag's Antique Armour Emporium.
You can't see any susceptible monsters within range! (Use Z to cast anyway.)
A dart slug comes into view.
A dart slug is nearby!
A dart slug is nearby!
You miscast Shock.
You are very lightly contaminated with residual magic.
Nothing appears to happen.
The zap hits the dart slug.
The dart slug is lightly wounded.
The dart slug launches a dart at you. The slug dart hits you.
Ouch! That really hurt!
You are too injured to fight recklessly!
You are too injured to fight recklessly!
You are too injured to fight recklessly!
Unknown command.
Aiming: Shock (safe; 10% risk of failure)
Press: ? - help, Q - select action Shift-Dir - straight line, f/p - dart slug
Aim: a dart slug (100% to hit)
The zap hits the dart slug.
The dart slug is moderately wounded.
The dart slug launches a dart at you. The slug dart hits you.
Ouch! That really hurt!
You die...

### ..# #.#
######### #.#
........######## #.#
#@.......####.####
#...######...[......
#..## ######.####
#.. #.# # #∩w #.####
#.. #..... ...
###### ##.# #...
#.##


You could see a dart slug.

Vanquished Creatures
  A kobold (D:1)
1 creature vanquished.

Notes
Turn   | Place    | Note
-------+----------+-------------------------------------------
     0 | D:1      | browni3141 the Vine Stalker Air Elementalist began the
                  | quest for the Orb.
     0 | D:1      | Reached XP level 1. HP: 9/9 MP: 4/4
    59 | D:1      | Found Ogag's Antique Armour Emporium.
    63 | D:1      | Killed from afar by a dart slug

Illustrated notes

Levels and vault maps discovered:
D:1:      kennysheep_arrival_forest, layout_loops_ring,
          shapermc_ecumenical_altar_petra, serial_shops,
          nicolae_shop_hallway_plus, nicolae_shop_waterfront, shop, shop,
          amcnicky_mini_corridor_feature, minmay_tetromino_t4

Action                     || total
---------------------------++-------
   Cast: Shock             ||     3

Table legend: (Time is in decaauts)
 A = Elapsed time spent in this place.
 B = Non-inter-level travel time spent in this place.
 C = Inter-level travel time spent in this place.
 D = Time resting spent in this place.
 E = Time spent auto-exploring this place.
 F = Levels seen in this place.
 G = Mean time per level.
                   A        B        C        D        E       F      G
               +--------+--------+--------+--------+--------+-----+--------+
         Total |     63 |     63 |      0 |      0 |     54 |   1 |   63.0 |
       Dungeon |     63 |     63 |      0 |      0 |     54 |   1 |   63.0 |
               +--------+--------+--------+--------+--------+-----+--------+

Top non-repeatable levels by time:
     D:1: 63 daAuts
